 Dungeon Crawl Stone Soup version 0.29-a0-845-g6161e89988 (webtiles) character file.

Game seed: 8645898363983214396

16749 zazu2006 the Covert (level 12, -18/104 HPs)
             Began as a Naga Hedge Wizard on July 15, 2022.
             Was an Elder of Vehumet.
             Demolished by a two-headed ogre
             ... wielding a +0 giant club
              (29 damage)
             ... on level 12 of the Dungeon.
             The game lasted 00:39:20 (17023 turns).

zazu2006 the Covert (Naga Hedge Wizard)            Turns: 17023, Time: 00:39:20

Health: -18/104    AC:  2    Str: 15    XL:     12   Next: 40%
Magic:  20/24      EV: 15    Int: 18    God:    Vehumet [****..]
Gold:   486        SH:  0    Dex: 10    Spells: 18/27 levels left

rFire   . . .      SeeInvis +   u - +9 falchion "Itteten" {elec, Contam Fragile rN+++ SInv}
rCold   . . .      Faith    .   (no shield)
rNeg    + + +      Spirit   .   b - +0 robe
rPois   +          Reflect  .   t - +0 helmet
rElec   .          Harm     .   (no cloak)
rCorr   .          Rampage  .   (no gloves)
Will    +....                   (no barding)
Stlth   +++++.....              (no amulet)
HPRegen 0.27/turn               l - +4 ring of evasion
MPRegen 0.19/turn               q - +4 ring of protection

@: corroded, very slow
A: AC +4, large, see invisible, deformed body, poison resistance, slowness 2,
spit poison 1, naga tail 1
a: Spit Poison, Renounce Religion


You were on level 12 of the Dungeon.
You worshipped Vehumet.
Vehumet was greatly pleased with you.
You visited 2 branches of the dungeon, and saw 13 of its levels.

You collected 840 gold pieces.
You spent 354 gold pieces at shops.

Inventory:

Hand Weapons
 u - the +9 falchion "Itteten" (weapon) {elec, Contam Fragile rN+++ SInv}
   (You bought it in a shop on level 5 of the Dungeon)

   It occasionally discharges a powerful burst of electricity upon striking a
   foe.
   rN:        It renders you almost immune to negative energy.
   SInv:      It lets you see invisible.
   Contam:    It causes magical contamination when unequipped.
   Fragile:   It will be destroyed if unequipped.
 v - the +1 short sword "Caq Jied" {drain, Str+2}
   (You bought it in a shop on level 5 of the Dungeon)

   A truly terrible weapon, it drains the life of any living foe it strikes.
   Str:       It affects your strength (+2).
Armour
 b - a +0 robe (worn)
 k - +0 steam dragon scales
 t - a +0 helmet (worn)
 A - a +2 leather armour of cold resistance
Jewellery
 l - a +4 ring of evasion (left hand)
 q - a +4 ring of protection (right hand)
 E - a +6 ring of strength
Wands
 n - a wand of roots (9)
 p - a wand of charming (7)
 J - a wand of flame (7)
 L - a wand of quicksilver (5)
 O - a wand of polymorph (2)
Scrolls
 f - 3 scrolls of magic mapping {unknown}
 g - 3 scrolls of amnesia {unknown}
 i - 5 scrolls of teleportation
 j - 5 scrolls of poison
 m - 3 scrolls of enchant armour
 o - 3 scrolls of vulnerability
 y - a scroll of blinking
 z - 2 scrolls of fog
 G - 2 scrolls of enchant weapon {unknown}
 H - a scroll of noise {unknown}
 K - a scroll of fear {unknown}
 M - a scroll of torment {unknown}
Potions
 d - 2 potions of magic
 e - 2 potions of cancellation {unknown}
 s - 2 potions of ambrosia
 w - 7 potions of curing
 x - 3 potions of mutation {unknown}
 B - a potion of flight
 D - a potion of resistance {unknown}
 F - 2 potions of haste {unknown}
 I - 3 potions of berserk rage {unknown}
 N - 3 potions of attraction {unknown}
Miscellaneous
 C - a piece from Xom's chessboard (15/15)


   Skills:
 + Level 5.9 Fighting
 + Level 9.5 Long Blades
 + Level 5.5 Dodging
 + Level 11.9 Stealth
 + Level 8.1 Spellcasting
 + Level 6.7 Conjurations
 + Level 1.0 Summonings
 + Level 3.2 Translocations
 + Level 1.0 Fire Magic
 + Level 3.9 Air Magic
 + Level 7.9 Poison Magic
 + Level 0.7 Evocations


You had 18 spell levels left.
You knew the following spells:

 Your Spells              Type           Power      Damage    Failure   Level
a - Magic Dart            Conj           100%       1d8       1%          1
b - Mephitic Cloud        Conj/Pois/Air  29%        N/A       1%          3
c - Conjure Flame         Conj/Fire      21%        6-21      1%          3
d - Blink                 Tloc           38%        N/A       3%          2

Your spell library contained the following spells:

 Spells                   Type           Power      Damage    Failure   Level
 Iskenderun's Mystic Bla  Conj/Tloc      25%        2d7       3%          4
 Foxfire                  Conj/Fire      84%        2x1d8     1%          1
 Flame Wave               Conj/Fire      21%        2d7       5%          4
 Inner Flame              Hex/Fire       9%         N/A       7%          3
 Slow                     Hex            28%        N/A       10%         1
 Call Imp                 Summ           10%        N/A       10%         2
 Confusing Touch          Hex            7%         N/A       28%         3
 Ozocubu's Armour         Ice            7%         N/A       28%         3
 Vampiric Draining        Necr           7%         2d6       28%         3
 Summon Ice Beast         Ice/Summ       9%         N/A       61%         4
 Animate Dead             Necr           7%         N/A       67%         4
 Summon Mana Viper        Hex/Summ       9%         N/A       91%         5
 Metabolic Englaciation   Hex/Ice        3%         N/A       95%         5
 Dispersal                Tloc           9%         N/A       98%         6
 Simulacrum               Ice/Necr       3%         N/A       100%        6
 Haunt                    Necr/Summ      4%         N/A       100%        7
 Monstrous Menagerie      Summ           5%         N/A       100%        7
 Disjunction              Tloc           9%         N/A       100%        8
 Infestation              Necr           3%         N/A       100%        8


Dungeon Overview and Level Annotations

Branches:
Dungeon (12/15)            Temple (1/1) D:4            Lair (0/6) D:10
    Orc: D:9-12

Altars:
Ashenzari
Cheibriados
Dithmenos
Elyvilon
Fedhas
Gozag
Kikubaaqudgha
Makhleb
Nemelex Xobeh
Sif Muna
Vehumet
Wu Jian
Xom
The Shining One

Shops:
D:1 *   D:3 *   D:5 (   D:12 (!

Annotations:
D:5 3 runed translucent doors, jlumianski's ghost, novice DsFi
D:9 exclusion: obsidian statue


Innate Abilities, Weirdness & Mutations

Your serpentine skin is tough. (AC +4)
You have supernaturally acute eyesight. (SInv)
Armour fits poorly on your strangely shaped body.
Your system is resistant to poisons. (rPois)
You cover ground very slowly.
You can spit poison.
You have a snake-like lower body.


Message History

The two-headed ogre is engulfed in noxious fumes.
The troll misses you. x2; The troll closely misses you.
The slime creature hits you.
* * * LOW HITPOINT WARNING * * *
Unknown command.
The slime creature attacks as you move away!
The slime creature closely misses you.
The two-headed ogre is engulfed in noxious fumes.
The two-headed ogre appears confused.
The two-headed ogre barely misses the slime creature.
The two-headed ogre hits the slime creature with a +0 giant club!!
The slime creature hits you.
* * * LOW HITPOINT WARNING * * *
You slash the slime creature!
The slime creature is almost dead.
The troll seems less confused.
The troll is engulfed in noxious fumes.
The slime creature hits you!
* * * LOW HITPOINT WARNING * * *
You slash the slime creature!
You kill the slime creature!
Vehumet accepts your kill.
Casting: Mephitic Cloud (safe; 1% risk of failure)
Confirm with . or Enter, or press ? or * to list all spells.
Aiming: Mephitic Cloud (safe; 1% risk of failure)
Press: ? - help, Shift-Dir - straight line, f - two-headed ogre
Aim: a two-headed ogre, wielding two +0 giant clubs (confused, chance to affect: 53%)
The ball explodes into a vile cloud!
The stinking cloud engulfs the two-headed ogre but does no damage.
The stinking cloud engulfs the troll but does no damage.
The two-headed ogre is engulfed in noxious fumes.
The troll is engulfed in noxious fumes.
The troll appears confused.
Unknown command.
Unknown command.
The two-headed ogre seems less confused.
The two-headed ogre is engulfed in noxious fumes.
The troll is engulfed in noxious fumes.
The troll appears confused.
The troll bites the two-headed ogre.
The troll claws the two-headed ogre!
The troll closely misses the two-headed ogre.
The two-headed ogre hits you with a +0 giant club!!
You die...

###..........#
#######....# #.####
#.# ### ##### ##...###
#@.....###
##.O......### ##D
##.T°........##
#....#(.○°.........#
#....†..°..........##
#T#..###.............#
## ##............#
#............# ###
##...........#


You could see a two-headed ogre and a troll (confused).

Vanquished Creatures
  2 boulder beetles
  Urug (D:10)
  Pikel (D:5)
  A deep elf pyromancer (D:12)
  A cyclops (D:12)
  An ugly thing (D:12)
  A manticore (D:11)
  Maurice (D:12)
  An unseen horror (D:11)
  3 kobold demonologists (D:11)
  2 gargoyles
  5 trolls
  A slime creature (D:12)
  2 hornets
  4 yaks (D:11)
  Eustachio (D:6)
  A wraith (D:12)
  2 steam dragons (D:8)
  7 vampire mosquitoes (D:12)
  2 acid dragons (D:12)
  2 ice beasts (D:8)
  11 orc warriors
  3 sky beasts
  Pargi (D:4)
  A black bear (D:5)
  4 centaurs
  13 ogres
  3 wolves (D:10)
  2 lemures (D:5)
  2 phantoms
  Blork the orc (D:5)
  7 kobold brigands
  6 bullfrogs
  2 gnoll sergeants
  A necrophage (D:5)
  7 scorpions
  3 wights (D:6)
  10 killer bees
  3 howler monkeys
  2 electric eels (D:10)
  3 jellies
  5 hounds
  5 orc priests
  6 orc wizards
  7 iguanas
  2 human simulacra (D:10)
  A mummy (D:3)
  20 gnolls
  6 adders
  An ufetubus (D:5)
  2 dart slugs
  43 orcs
  5 bats (D:1)
  6 endoplasms
  5 giant cockroaches
  5 goblins
  9 hobgoblins
  4 quokkas
  A ball python (D:4)
  A frilled lizard (D:3)
  65 kobolds
  5 rats
  A butterfly (D:9)
332 creatures vanquished.

Vanquished Creatures (collateral kills)
  A killer bee (D:9)
  A gnoll bouda (D:9)
  4 gnolls (D:9)
6 creatures vanquished.

Vanquished Creatures (others)
  A vampire mosquito (D:12)
  An acid dragon (D:9)
2 creatures vanquished.

Grand Total: 340 creatures vanquished

Notes
Turn   | Place    | Note
-------+----------+-------------------------------------------
     0 | D:1      | zazu2006 the Naga Hedge Wizard began the quest for the Orb.
     0 | D:1      | Reached XP level 1. HP: 15/15 MP: 4/4
     0 | D:1      | Noticed a shadow dragon
     1 | D:1      | Noticed a large abomination
     3 | D:1      | Noticed a green draconian
     6 | D:1      | Noticed a shadow dragon
    10 | D:1      | Noticed a shadow dragon
    10 | D:1      | Noticed a large abomination
    12 | D:1      | Noticed a shadow dragon
    14 | D:1      | Noticed a black draconian
    14 | D:1      | Noticed a tentacled monstrosity
    16 | D:1      | Noticed an ice dragon
    16 | D:1      | Noticed a large abomination
    16 | D:1      | Noticed an iron dragon
    18 | D:1      | Noticed a purple draconian
    18 | D:1      | Noticed a large abomination
    20 | D:1      | Noticed a green draconian
   149 | D:1      | Reached XP level 2. HP: 19/22 MP: 0/6
   464 | D:1      | Found Bicaax's General Store.
   611 | D:1      | Bought a scroll of identify for 26 gold pieces
   868 | D:1      | Reached XP level 3. HP: 28/28 MP: 4/8
   872 | D:1      | Learned a level 3 spell: Mephitic Cloud
   876 | D:1      | Learned a level 3 spell: Conjure Flame
   879 | D:1      | Learned a level 2 spell: Blink
  2113 | D:3      | Reached XP level 4. HP: 36/36 MP: 3/10
  2217 | D:3      | Found Assuxop's Assorted Antiques.
  2387 | D:3      | Found a snail-covered altar of Cheibriados.
  2901 | D:3      | Found a faded altar of an unknown god.
  3011 | D:3      | Found a white marble altar of Elyvilon.
  3191 | D:3      | Reached XP level 5. HP: 42/42 MP: 5/11
  3574 | D:3      | Noticed a kobold brigand
  3732 | D:3      | Reached skill level 1 in Poison Magic
  3845 | D:3      | Reached XP level 6. HP: 38/50 MP: 7/12
  4055 | D:3      | Reached skill level 1 in Fighting
  4055 | D:3      | Reached skill level 4 in Stealth
  4749 | D:4      | Reached XP level 7. HP: 57/57 MP: 8/14
  4845 | D:4      | Reached skill level 5 in Spellcasting
  5200 | D:4      | Found a staircase to the Ecumenical Temple.
  5209 | Temple   | Entered the Ecumenical Temple
  5264 | Temple   | Became a worshipper of Vehumet
  5294 | D:4      | Noticed Pargi
  5305 | D:4      | Killed Pargi
  6064 | D:5      | Entered Level 5 of the Dungeon
  6064 | D:5      | Noticed Blork the orc
  6447 | D:5      | Reached skill level 5 in Stealth
  6622 | D:5      | Reached XP level 8. HP: 49/67 MP: 10/16
  6733 | D:5      | Reached skill level 6 in Stealth
  6765 | D:5      | Found a runed translucent gate.
  6765 | D:5      | Found a runed translucent gate.
  6766 | D:5      | Found a runed translucent gate.
  6861 | D:5      | Reached skill level 1 in Air Magic
  7385 | D:5      | Found Syw Weoj's Antique Weapon Shop.
  7389 | D:5      | Bought an encrusted falchion for 136 gold pieces
  7389 | D:5      | Identified the +9 falchion "Itteten" {elec, Contam Fragile
                  | rN+++ SInv} (You bought it in a shop on level 5 of the
                  | Dungeon)
  7389 | D:5      | Bought a slimy short sword for 136 gold pieces
  7389 | D:5      | Identified the +1 short sword "Caq Jied" {drain, Str+2}
                  | (You bought it in a shop on level 5 of the Dungeon)
  7431 | D:5      | Killed Blork the orc
  7541 | D:5      | Noticed Pikel
  7554 | D:5      | Killed Pikel
  7555 | D:5      | Reached skill level 7 in Stealth
  7555 | D:5      | Reached skill level 5 in Poison Magic
  7555 | D:5      | Reached XP level 9. HP: 56/74 MP: 14/18
  8019 | D:5      | Identified the +9 plate armour of Lifelessness {Slay+5}
  8202 | D:5      | Noticed jlumianski's ghost (novice DsFi)
  8361 | D:6      | Noticed Eustachio
  8377 | D:6      | Killed Eustachio
  8408 | D:6      | Reached * piety under Vehumet
  8408 | D:6      | Offered knowledge of Sandblast by Vehumet.
  8409 | D:6      | Reached skill level 8 in Stealth
  8591 | D:6      | Reached skill level 5 in Conjurations
  9424 | D:7      | Noticed a gargoyle
  9544 | D:7      | Killed a gargoyle
  9545 | D:7      | Reached skill level 5 in Long Blades
  9545 | D:7      | Reached XP level 10. HP: 42/84 MP: 19/19
  9900 | D:7      | Found a blossoming altar of Fedhas.
  9912 | D:7      | Found a shimmering blue altar of Sif Muna.
 10257 | D:8      | Reached ** piety under Vehumet
 10263 | D:8      | Offered knowledge of Static Discharge by Vehumet.
 10740 | D:8      | Found a shadowy altar of Dithmenos.
 10851 | D:8      | Noticed a boulder beetle
 10906 | D:9      | Found a shimmering altar of Xom.
 11101 | D:9      | Noticed an obsidian statue
 11415 | D:9      | Reached skill level 9 in Stealth
 11888 | D:8      | Killed a boulder beetle
 12159 | D:10     | Entered Level 10 of the Dungeon
 12397 | D:10     | HP: 1/86 [troll (4)]
 12398 | D:10     | Offered knowledge of Scorch by Vehumet.
 12763 | D:10     | Found a staircase to the Lair.
 12767 | D:10     | Reached XP level 11. HP: 72/93 MP: 17/21
 12779 | D:10     | Reached skill level 10 in Stealth
 13082 | D:10     | Noticed Urug
 13101 | D:10     | Killed Urug
 13852 | D:11     | Noticed a manticore
 13868 | D:11     | Killed a manticore
 14551 | D:11     | Reached skill level 5 in Dodging
 14871 | D:11     | Reached skill level 1 in Fire Magic
 14873 | D:11     | Reached skill level 5 in Fighting
 15062 | D:12     | Noticed Maurice
 15073 | D:12     | Killed Maurice
 15165 | D:12     | Reached *** piety under Vehumet
 15209 | D:12     | Reached skill level 11 in Stealth
 15374 | D:12     | Noticed a white ugly thing
 15423 | D:12     | Killed a white ugly thing
 15709 | D:12     | Offered knowledge of Iskenderun's Mystic Blast by Vehumet.
 15710 | D:12     | Reached XP level 12. HP: 71/103 MP: 17/23
 15895 | D:12     | Found Elaiqu's Antique Weapon Shoppe.
 16015 | D:12     | HP: 3/103 [ogre/+0 giant club (23)]
 16384 | D:12     | Found Acicri's Distillery.
 16392 | D:12     | Bought a potion of curing for 42 gold pieces
 16392 | D:12     | Bought a potion of degeneration for 14 gold pieces
 16930 | D:12     | Noticed a boulder beetle
 16942 | D:12     | Killed a boulder beetle
 16942 | D:12     | Reached **** piety under Vehumet
 17013 | D:12     | Noticed a two-headed ogre
 17023 | D:12     | Demolished by a two-headed ogre

Illustrated notes

Levels and vault maps discovered:
D:1:      shiori_arrival_whats_in_store_for_you, layout_basic, serial_shops,
          nicolae_shop_window_shopping
D:2:      layout_basic
D:3:      minmay_goblin_kobold_castle, layout_rooms, slow_altar_2,
          elyvilon_altar_4, serial_shops, nicolae_shop_behind_doors,
          shapermc_ecumenical_altar_totnotflames
D:4:      layout_layer_cave, minmay_temple_entry_poolview, uniq_pargi
D:5:      layout_gridville, biasface_ghost_orc_armoury, serial_shops, shop,
          uniq_pikel, uniq_blork_the_orc
D:6:      layout_basic, columned_hall_lemuel, uniq_eustachio
D:7:      layout_cave_pools, minitemple, serial_rivers,
          chequers_serial_rivers_micro_c, chequers_serial_rivers_micro_a,
          chequers_serial_rivers_small_b, chequers_serial_rivers_micro_d,
          chequers_serial_rivers_room_b, chequers_serial_rivers_micro_a,
          hangedman_decor_growths
D:8:      layout_cave_pools, nicolae_dithmenos_shadow_blocks,
          grunt_ministairs_6, kennysheep_nondescript
D:9:      layout_gridville, xom_butterflies, minmay_statue_bubble
D:10:     layout_gridville, erik_lair_island, bh_circular_ruins, uniq_urug
D:11:     layout_irregular_city
D:12:     minmay_bubble_buster, layout_cave_pods,
          kennysheep_orc_monster_closet_entryway, special_room
          [special_room_orc], serial_shops, nicolae_shop_advertising_works
          [nicolae_subvault_shop_adworks], kennysheep_mini,
          grunt_decor_resistance, nicolae_gozag_seed_capital, uniq_maurice
Temple:   nicolae_temple_superstar

Skill      XL: |  1  2  3  4  5  6  7  8  9 10 11 12 |
---------------+-------------------------------------+-----
Spellcasting   | 4 5 6 7 8 |  8.1
Dodging        | 2 3 4 5 |  5.5
Conjurations   | 2 3 4 5 6 |  6.7
Poison Magic   | 1 2 3 5 6 7 |  7.9
Fighting       | 1 2 3 4 5 |  5.9
Stealth        | 4 5 7 8 9 11 | 11.9
Air Magic      | 1 2 3 |  3.9
Long Blades    | 2 5 7 9 |  9.5
Translocations | 3 |  3.2
Fire Magic     | 1 |  1.0
Summonings     | |  1.0
Evocations     | |  0.7

Action                   |  1- 3 |  4- 6 |  7- 9 | 10-12 || total
-------------------------+-------+-------+-------+-------++-------
Melee: Dagger            |     3 |       |       |       ||     3
       Short sword       |     4 |   117 |   103 |       ||   224
       Punch             |       |     2 |     3 |     5 ||    10
       Falchion          |       |       |   127 |   476 ||   603
 Cast: Magic Dart        |    90 |   148 |   113 |    25 ||   376
       Mephitic Cloud    |       |     5 |    19 |    72 ||    96
       Conjure Flame     |       |       |     3 |     8 ||    11
       Blink             |       |       |       |     7 ||     7
 Abil: Spit Poison       |    10 |    10 |     8 |    11 ||    39
Evoke: Wand              |       |       |       |     9 ||     9
  Use: Scroll            |     1 |     1 |     6 |     3 ||    11
       Potion            |       |     1 |     2 |     1 ||     4
 Stab: Confused          |       |     4 |    13 |    40 ||    57
       Sleeping          |       |       |     5 |     5 ||    10
       Distracted        |       |       |       |     1 ||     1
Armor: Robe              |     8 |    28 |    59 |   128 ||   223
Dodge: Dodged            |    19 |    52 |   126 |   356 ||   553

Table legend: (Time is in decaauts)
 A = Elapsed time spent in this place.
 B = Non-inter-level travel time spent in this place.
 C = Inter-level travel time spent in this place.
 D = Time resting spent in this place.
 E = Time spent auto-exploring this place.
 F = Levels seen in this place.
 G = Mean time per level.
                   A        B        C        D        E       F      G
               +--------+--------+--------+--------+--------+-----+--------+
         Total |  20035 |  19618 |    417 |   1276 |  14952 |  13 | 1541.2 |
       Dungeon |  19932 |  19540 |    392 |   1276 |  14917 |  12 | 1661.0 |
        Temple |    102 |     77 |     25 |      0 |     35 |   1 |  102.0 |
               +--------+--------+--------+--------+--------+-----+--------+

Top non-repeatable levels by time:
     D:3: 2968 daAuts
     D:5: 2579 daAuts
    D:12: 2021 daAuts
    D:10: 1912 daAuts
     D:4: 1743 daAuts
    D:11: 1637 daAuts
     D:1: 1528 daAuts
     D:8: 1384 daAuts
     D:7: 1157 daAuts
     D:9: 1060 daAuts
     D:6: 1037 daAuts
     D:2: 902 daAuts
  Temple: 102 daAuts
